 Dungeon Crawl Stone Soup version 0.19-a0-1320-g0178847 (webtiles) character file.

906 Gruud the Slasher (level 7, -6/50 HPs)
             Began as a Demonspawn Gladiator on Aug 31, 2016.
             Was an Initiate of Qazlal.
             Killed by divine providence
             ... invoked by an orc priest
              (13 damage)
             ... on level 6 of the Dungeon.
             The game lasted 00:15:15 (6102 turns).

Gruud the Slasher (Demonspawn Gladiator)            Turns: 6102, Time: 00:15:16

Health: -6/50      AC:  5    Str: 15    XL:     7   Next: 81%
Magic:  7/7        EV: 13    Int: 12    God:    Qazlal [......]
Gold:   134        SH:  0    Dex: 13    Spells: 0 memorised, 6 levels left

rFire  . . .     SeeInvis .     a - +0 long sword
rCold  . . .     Gourm    .     j - +0 ring mail
rNeg   . . .     Faith    .     (no shield)
rPois  .         Spirit   .     (helmet restricted)
rElec  .         Dismiss  .     (no cloak)
rCorr  .         Reflect  .     (no gloves)
MR     .....     Harm     .     (no boots)
Stlth  ++........               (no amulet)
                                (no ring)
                                (no ring)

@: slowed, very slow
A: antennae 2, nightstalker 1
a: Renounce Religion


You were on level 6 of the Dungeon.
You worshipped Qazlal.
Qazlal was noncommittal.
You were not hungry.

You visited 1 branch of the dungeon, and saw 6 of its levels.

You collected 134 gold pieces.

Inventory:

Hand Weapons
 a - a +0 long sword (weapon)
Missiles
 d - a throwing net
 l - 7 tomahawks (quivered)
Armour
 b - a +0 leather armour
 e - a +0 buckler
 j - a +0 ring mail (worn)
Wands
 c - a wand of iceblast (12/15)
 f - a wand of teleportation (2/9)
 n - a wand of iceblast (10/15)
Scrolls
 k - a scroll of recharging {unknown}
 o - 2 scrolls of noise
 r - a scroll of remove curse {unknown}
 u - a scroll of enchant armour {unknown}
 v - a scroll of teleportation {unknown}
Potions
 g - a potion of brilliance
 h - a potion of magic
 i - a potion of agility {unknown}
 p - a potion of ambrosia {unknown}
 t - a potion of berserk rage {unknown}
Comestibles
 m - 3 meat rations
 q - a chunk of flesh
 s - a bread ration


   Skills:
 - Level 2.0 Fighting
 * Level 7.6 Long Blades
 - Level 1.7 Throwing
 - Level 4.8 Dodging


You had 6 spell levels left.
You didn't know any spells.

Dungeon Overview and Level Annotations

Branches:
Dungeon (6/15)             Temple (0/1) D:5

Altars:
Qazlal
Ru
Yredelemnul

Annotations:
D:5 2 runed doors


Innate Abilities, Weirdness & Mutations

You have a pair of antennae on your head.
You are slightly more attuned to the shadows.


Message History

The orc priest misses you.
You closely miss the orc priest.
The orc priest is heavily wounded.
The orc priest hits you with a dagger.
* * * LOW HITPOINT WARNING * * *
Okay, then.
You barely miss the orc priest.
The orc priest is heavily wounded.
The orc priest hits you with a dagger.
* * * LOW HITPOINT WARNING * * *
The orc priest hits you but does no damage.
You hit the orc priest but do no damage.
The orc priest is heavily wounded.
The orc priest hits you but does no damage.
You hit the orc priest but do no damage.
The orc priest is heavily wounded.
The orc priest hits you but does no damage.
The orc priest mumbles some strange prayers to Beogh against you.
Beogh smites you!
You die...

..... [....
####+####
.....##.......#
..............#
..............#
.......o......#
......=.......#
.........#o####
#######
##########@#
#.....# #.###
#.###.# #
#...## #.# #.#
#.#....# #.#
#.#####
........# #.#
#.....#
.#......# #.#
#####.#
###.##.###.#
#.#
#..........#
#.#
#.#....#####
#..


You could see an orc priest.

Vanquished Creatures
  A water moccasin (D:5)
  An ice beast (D:5)
  2 centaurs (D:5)
  A scorpion (D:5)
  A centaur zombie (D:5)
  3 crimson imps (D:5)
  A hound (D:5)
  A giant frog skeleton (D:5)
  An orc priest (D:5)
  An orc wizard (D:6)
  An iguana (D:5)
  A worker ant (D:5)
  5 adders
  4 gnolls (D:2)
  A shadow imp (D:5)
  2 oozes
  An adder skeleton (D:4)
  An adder zombie (D:5)
  3 worms (D:3)
  2 dart slugs
  3 giant geckos
  15 orcs
  4 giant cockroaches
  7 goblins
  5 hobgoblins
  2 kobolds (D:3)
  12 bats
  4 giant newts
  A quokka skeleton (D:5)
  9 rats
96 creatures vanquished.

Notes
Turn   | Place    | Note
-------+----------+-------------------------------------------
     0 | D:1      | Gruud the Demonspawn Gladiator began the quest for the Orb.
     0 | D:1      | Reached XP level 1. HP: 16/16 MP: 1/1
   175 | D:1      | Reached skill level 3 in Long Blades
   229 | D:1      | Gained mutation: You have a pair of small antennae on your head. [demonic ancestry]
   229 | D:1      | Reached XP level 2. HP: 17/22 MP: 2/2
   456 | D:2      | Found a stormy altar of Qazlal.
   667 | D:2      | Reached XP level 3. HP: 24/27 MP: 3/3
  1060 | D:2      | Found a sacrificial altar of Ru.
  1400 | D:3      | Reached XP level 4. HP: 12/33 MP: 4/4
  1634 | D:3      | Reached skill level 4 in Long Blades
  2303 | D:3      | Found a basalt altar of Yredelemnul.
  3017 | D:4      | Gained mutation: You have a pair of antennae on your head. [demonic ancestry]
  3017 | D:4      | Reached XP level 5. HP: 34/38 MP: 5/5
  3027 | D:4      | Noticed an ogre
  3159 | D:5      | Entered Level 5 of the Dungeon
  3198 | D:5      | HP: 1/38 [poisoned by a worker ant]
  3637 | D:4      | Noticed a phantom
  3811 | D:5      | Noticed a water moccasin
  3830 | D:5      | Killed a water moccasin
  3830 | D:5      | Reached skill level 5 in Long Blades
  3830 | D:5      | Gained mutation: You are slightly more attuned to the shadows. [demonic ancestry]
  3830 | D:5      | Reached XP level 6. HP: 15/44 MP: 6/6
  3963 | D:2      | Became a worshipper of Qazlal Stormbringer
  4695 | D:5      | Reached skill level 6 in Long Blades
  4842 | D:5      | Found a runed door.
  4854 | D:5      | Found a runed door.
  4891 | D:5      | Reached XP level 7. HP: 33/50 MP: 7/7
  5446 | D:5      | Reached skill level 7 in Long Blades
  5793 | D:5      | Found a staircase to the Ecumenical Temple.
  6102 | D:6      | Killed from afar by an orc priest

Vault maps used:
D:1:      dpeg_arrival_tiny_d, minmay_hedge_maze
D:2:      grunt_qazlal_clouds, nicolae_ru_path_of_blood
D:3:      nicolae_overflow_hidden_temple, serial_forest,
          infiniplex_forest_lined_corner, infiniplex_forest_end_1,
          infiniplex_forest_end_3, infiniplex_forest_straight_3,
          infiniplex_forest_corner_1, infiniplex_forest_corner_1,
          infiniplex_forest_lined_3
D:4:      marbit_many_paths
D:5:      lemuel_insect_pit, first_bread
D:6:      nicolae_overflow_crystal_walls

Skill      XL: |  1  2  3  4  5  6  7 |
---------------+----------------------+-----
Long Blades    | 3 4 5 6 7 |  7.6
Dodging        | 3 4 |  4.8
Fighting       | |  2.0
Throwing       | |  1.7

Action                   |  1- 3 |  4- 6 |  7- 9 || total
-------------------------+-------+-------+-------++-------
Melee: Long sword        |   124 |   248 |   210 ||   582
Throw: Throwing net      |     3 |     4 |       ||     7
       Tomahawk          |       |     3 |     1 ||     4
  Use: Potion            |       |     2 |       ||     2
       Scroll            |       |     2 |     1 ||     3
 Stab: Sleeping          |     1 |     1 |     1 ||     3
       Held in net/web   |     1 |       |       ||     1
  Eat: Chunk             |     2 |     6 |     5 ||    13
       Bread ration      |       |     1 |       ||     1
Armor: Leather armour    |    16 |       |       ||    16
       Ring mail         |     3 |    55 |    36 ||    94
Dodge: Dodged            |    74 |   121 |    98 ||   293
